 Dungeon Crawl Stone Soup version 0.29.1-1-gd02db69 (webtiles) character file.

Game seed: 8237136695024048368

195 RonnieColeman the Conjurer (level 5, -2/31 HPs)
             Began as an Octopode Conjurer on Oct 14, 2022.
             Slain by a bullfrog (3 damage)
             ... in a sewer.
             The game lasted 00:09:09 (3391 turns).

RonnieColeman the Conjurer (Octopode Conjurer)      Turns: 3391, Time: 00:09:10

Health: -2/31      AC:  1    Str:  6    XL:     5   Next: 74%
Magic:  7/11       EV: 13    Int: 23    God:
Gold:   175        SH:  0    Dex: 10    Spells: 7/13 levels left

rFire   + . .      SeeInvis +   j - +2 whip (flame)
rCold   . . .      Faith    .   (no shield)
rNeg    . . .      Spirit   .   (helmet restricted)
rPois   .          Reflect  .   (no amulet)
rElec   .          Harm     .   h - ring of willpower
rCorr   .          Rampage  .   k - ring "Ximpoed" {Wiz SInv}
Will    +....                   l - ring of protection from fire
Stlth   ++++......              (no ring)
HPRegen 0.10/turn               (no ring)
MPRegen 0.12/turn               (no ring)
                                (no ring)
                                (no ring)

@: lethally poisoned (-2 -> -5)
A: almost no armour, amphibious, 8 rings, camouflage 1, gelatinous body 1,
nimble swimmer 1, tentacles
a: no special abilities


You were in a sewer.
You visited 1 branch of the dungeon, and saw 3 of its levels.
You also visited: Sewer.

You collected 175 gold pieces.

Inventory:

Hand Weapons
 c - a +0 spear
 j - a +2 whip of flaming (weapon)
 u - a +1 falchion of protection
Missiles
 g - 2 throwing nets
Jewellery
 h - a ring of willpower (left tentacle)
 k - the ring "Ximpoed" (right tentacle) {Wiz SInv}
   (You found it on level 2 of the Dungeon)

   [ring of wizardry]

   It improves your spell success rate.
   SInv:      It lets you see invisible.
 l - a ring of protection from fire (on tentacle)
Scrolls
 e - 2 scrolls of teleportation
 f - 5 scrolls of identify
 m - a scroll of vulnerability
 n - 2 scrolls of immolation {unknown}
 p - a scroll of brand weapon {unknown}
 s - a scroll of poison {unknown}
 t - a scroll of enchant weapon {unknown}
Potions
 a - a potion of magic
 b - a potion of curing {unknown}
 d - 2 potions of berserk rage {unknown}
 i - 2 potions of might {unknown}
 o - a potion of attraction {unknown}
 q - a potion of degeneration {unknown}
 r - a potion of mutation {unknown}
 v - a potion of resistance {unknown}


   Skills:
 - Level 2.0 Dodging
 - Level 2.6 Stealth
 * Level 4.5 Spellcasting
 + Level 5.0 Conjurations


You had 7 spell levels left.
You knew the following spells:

 Your Spells              Type           Power      Damage    Failure   Level
a - Magic Dart            Conj           100%       1d8       1%          1
b - Searing Ray           Conj           56%        2d6       1%          2
c - Mephitic Cloud        Conj/Pois/Air  12%        N/A       6%          3

Your spell library contained the following spells:

 Spells                   Type           Power      Damage    Failure   Level
 Dazzling Flash           Conj/Hex       32%        N/A       4%          3
 Call Imp                 Summ           5%         N/A       6%          2
 Frozen Ramparts          Ice            10%        1d2       12%         3
 Fulminant Prism          Conj/Hex       8%         3d7       14%         4
 Iskenderun's Mystic Bla  Conj/Tloc      16%        2d5       14%         4
 Ice Form                 Ice/Tmut       5%         N/A       36%         4
 Summon Ice Beast         Ice/Summ       5%         N/A       36%         4


Dungeon Overview and Level Annotations

Branches:
Dungeon (3/15)              Sewer (1/1)

Altars:
Makhleb


Innate Abilities, Weirdness & Mutations

You cannot wear most types of armour.
You are amphibious.
You can wear up to eight rings at the same time.
Your skin changes colour to match your surroundings (Stealth+).
Your rubbery body absorbs attacks. (AC +1, EV +1)
You are camouflaged when in or above water. (Stealth+)
You have tentacles for arms and can constrict up to eight enemies at once.


Message History

Unknown command.
Casting: Magic Dart (safe; 1% risk of failure)
Confirm with . or Enter, or press ? or * to list all spells.
Aiming: Magic Dart (safe; 1% risk of failure)
Press: ? - help, Shift-Dir - straight line, f/p - adder
Aim: an adder (heavily wounded, 100% to hit)
The magic dart hits the adder.
The adder is heavily wounded.
A bullfrog comes into view.
The adder bites you.
Unknown command.
Casting: Magic Dart (safe; 1% risk of failure)
Confirm with . or Enter, or press ? or * to list all spells.
Aiming: Searing Ray (safe; 1% risk of failure)
Press: ? - help, Shift-Dir - straight line, p - adder The searing ray misses the adder.
The searing ray hits the adder.
The adder is heavily wounded. (Press . to maintain the ray.)
The adder closely misses you. The adder attacks as you move away!
The adder misses you. The adder attacks as you move away! The adder bites you.
The adder misses you. The adder bites you.
You are poisoned.
The adder poisons you!
You feel sick.
The endoplasm jiggles.
The adder bites you.
You feel sick. The adder bites you. The bullfrog attacks as you move away!
The bullfrog barely misses you.
You feel sick. The bullfrog hits you!
* * * LOW HITPOINT WARNING * * *
The adder bites you.
* * * LOW HITPOINT WARNING * * *
The adder attacks as you move away! The adder misses you.
* * * LOW HITPOINT WARNING * * *
You feel sick. The bullfrog hits you.
* * * LOW HITPOINT WARNING * * *
A bullfrog comes into view.
The bullfrog attacks as you move away! The bullfrog hits you.
You die...

#..#....# ####...##
###################....#
..~~≈≈≈≈≈≈≈≈≈≈≈≈~#..†..#
.~~~~J~≈≈≈≈≈~†~~~~....##
.~#~~~~~≈≈~~~~~~~~....#
..~~~F~≈~~≈~~~~~~.....#
.~~≈~~≈~..~#S~~≈~....##
.#~~≈≈~~~~SF@≈≈~~..###
###################


You could see 2 bullfrogs, 2 adders and an endoplasm.

Vanquished Creatures
  Jessica (D:3)
  5 adders
  4 river rats (Sewer)
  3 worms
  3 dart slugs (D:1)
  An orc (D:3)
  14 ball pythons
  6 endoplasms
  2 giant cockroaches
  A goblin (D:1)
  A hobgoblin (D:2)
  A quokka (D:2)
  7 bats
  4 frilled lizards
  5 kobolds
  28 rats
86 creatures vanquished.

Notes
Turn   | Place    | Note
-------+----------+-------------------------------------------
     0 | D:1      | RonnieColeman the Octopode Conjurer began the quest for the
                  | Orb.
     0 | D:1      | Reached XP level 1. HP: 11/11 MP: 3/3
   343 | D:1      | Reached XP level 2. HP: 8/17 MP: 0/5
  1154 | D:2      | Learned a level 2 spell: Searing Ray
  1181 | D:2      | Reached XP level 3. HP: 19/21 MP: 0/7
  1326 | D:2      | Identified the ring "Ximpoed" {Wiz SInv}
  1695 | D:2      | Learned a level 3 spell: Mephitic Cloud
  1954 | D:3      | Found a faded altar of an unknown god.
  2058 | D:3      | Noticed Jessica
  2066 | D:3      | Killed Jessica
  2067 | D:3      | Reached XP level 4. HP: 27/27 MP: 4/9
  2417 | D:3      | Found a burning altar of Makhleb.
  2496 | D:3      | Found a glowing drain.
  2517 | Sewer    | Entered a sewer
  2601 | Sewer    | Reached XP level 5. HP: 9/31 MP: 2/10
  3192 | Sewer    | Reached skill level 5 in Conjurations
  3390 | Sewer    | HP: 1/31 [bullfrog (3)]
  3391 | Sewer    | Slain by a bullfrog

Illustrated notes

Levels and vault maps discovered:
D:1:      minmay_arrival_four_loops, layout_loops_ring
D:2:      layout_rooms
D:3:      layout_loops_cross, mainiacjoe_overflow_cross_hatched,
          dreamdust_ecumenical_altar_statues, cheibrodos_sewer_entry_bend,
          minmay_misc_feat_hallway, dk_vineyard_3, minmay_liquid_box,
          uniq_jessica
Sewer:    sewer_minmay_w

Skill      XL: |  1  2  3  4  5 |
---------------+----------------+-----
Spellcasting   | 3 4 |  4.5
Conjurations   | 5 |  5.0
Dodging        | |  2.0
Stealth        | |  2.6

Action                   |  1- 3 |  4- 6 || total
-------------------------+-------+-------++-------
Melee: Spear             |    35 |       ||    35
       Tentacles         |     9 |       ||     9
       Constrict         |    12 |     4 ||    16
       Unarmed           |     3 |       ||     3
       Whip              |    21 |    23 ||    44
       Punch             |     1 |       ||     1
 Cast: Magic Dart        |    21 |    65 ||    86
       Searing Ray       |     2 |     5 ||     7
  Use: Scroll            |     5 |       ||     5
 Stab: Sleeping          |    13 |     1 ||    14
       Distracted        |     1 |       ||     1
Armor: Skin              |     6 |       ||     6
Dodge: Dodged            |    30 |    30 ||    60
